 Dungeon Crawl Stone Soup version 0.21.1-1-g345015f (webtiles) character file.

79367 shakethe the Severer (level 15, -4/122 HPs)
             Began as a Demonspawn Gladiator on Feb 27, 2018.
             Was the Champion of Okawaru.
             Slain by a stone giant (22 damage)
             ... on level 2 of the Orcish Mines.
             The game lasted 01:17:49 (37609 turns).

shakethe the Severer (Demonspawn Gladiator)        Turns: 37609, Time: 01:17:50

Health: -4/122     AC: 28    Str: 19    XL:     15   Next: 20%
Magic:  21/21      EV: 19    Int: 16    God:    Okawaru [******]
Gold:   2639       SH:  5    Dex: 15    Spells: 11/14 levels left

rFire    + + .     SeeInvis +   a - +2 broad axe (elec)
rCold    + + .     Gourm    .   S - +0 buckler
rNeg     . . .     Faith    .   V - +0 steam dragon scales
rPois    +         Spirit   .   K - +2 helmet {SInv}
rElec    +         Reflect  .   s - scarf {rC+ rF+}
rCorr    .         Harm     .   Z - +2 pair of gloves
MR       +....                  G - +0 pair of boots of Weirdness {rElec rPois rF+ Stlth+}
Stlth    ++++......             W - amulet of regeneration {+regen, !d}
HPRegen  0.70/turn              T - +2 ring of protection
MPRegen  0.17/turn              Q - +5 ring of strength

@: no status effects
A: claws 2, slimy green scales 2, cold resistance 1, icemail, freezing cloud
immunity
a: Heroism, Finesse, Renounce Religion


You were on level 2 of the Orcish Mines.
You worshipped Okawaru.
Okawaru was exalted by your worship.
You were not hungry.

You visited 4 branches of the dungeon, and saw 24 of its levels.
You also visited: Sewer and Ossuary.

You collected 2639 gold pieces.

Inventory:

Hand Weapons
 a - a +2 broad axe of electrocution (weapon)
   (You found it on level 5 of the Dungeon)
 b - the +8 whip "Snakebite" {curare, rPois}
   (You found it on level 2 of the Lair of Beasts)

   It poisons the flesh of those it strikes.
   It protects you from poison.
Missiles
 d - 8 throwing nets {=f, !d}
 j - 549 stones (quivered)
Armour
 s - a scarf of resistance (worn)
   (You found it on level 10 of the Dungeon)
 B - a +1 cloak of invisibility
   (You took it off Maurice on level 2 of the Orcish Mines)
 G - the +0 pair of boots of Weirdness (worn) {rElec rPois rF+ Stlth+}
   (Okawaru gifted it to you on level 10 of the Dungeon)

   It protects you from fire.
   It insulates you from electricity.
   It protects you from poison.
   It makes you more stealthy.
 K - a +2 helmet of see invisible (worn)
   (Okawaru gifted it to you on level 5 of the Lair of Beasts)
 S - a +0 buckler (worn)
   (You found it on level 4 of the Lair of Beasts)
 V - +0 steam dragon scales (worn)
   (You found it on level 4 of the Lair of Beasts)
 Z - a +2 pair of gloves (worn)
   (You found it on level 14 of the Dungeon)
Jewellery
 Q - a +5 ring of strength (right hand)
   (You found it on level 3 of the Lair of Beasts)
 T - a +2 ring of protection (left hand)
   (You found it on level 4 of the Lair of Beasts)
 W - an amulet of regeneration (around neck) {+regen, !d}
   (You found it on level 4 of the Lair of Beasts)
Wands
 h - a wand of acid (17)
   (You found it on level 9 of the Dungeon)
 t - a wand of random effects (23)
   (You found it in a sewer)
 v - a wand of disintegration (31)
   (You found it on level 1 of the Lair of Beasts)
 x - a wand of flame (60)
   (You found it on level 8 of the Dungeon)
 y - a wand of digging (12)
   (You found it on level 13 of the Dungeon)
 C - a wand of enslavement (16)
   (You found it on level 14 of the Dungeon)
 I - a wand of iceblast (5)
   (You found it on level 11 of the Dungeon)
 X - a wand of polymorph (11)
   (You found it on level 6 of the Lair of Beasts)
 Y - a wand of paralysis (16)
   (You took it off Maurice on level 2 of the Orcish Mines)
Scrolls
 k - 6 scrolls of amnesia
 l - 14 scrolls of teleportation
 m - 2 scrolls of immolation {!r}
 o - 2 scrolls of fear
 r - 13 scrolls of remove curse
 u - 3 scrolls of magic mapping {!r}
 w - 2 scrolls of fog
 D - 3 scrolls of blinking {!r}
 P - 2 scrolls of silence {unknown}
Potions
 g - 2 potions of berserk rage {!q}
 i - a potion of experience {unknown}
 n - 3 potions of haste
 q - a potion of agility
 z - 2 potions of curing
 A - a potion of mutation {!q}
 E - 2 potions of flight
 F - 2 potions of ambrosia {unknown}
 H - 2 potions of might
 M - 4 potions of magic
 N - a potion of brilliance
 R - 2 potions of cancellation
Books
 p - a book of Frost
   (You found it on level 12 of the Dungeon)
 O - a book of Beasts
   (You found it on level 15 of the Dungeon)
Miscellaneous
 c - a fan of gales
   (You found it on level 6 of the Lair of Beasts)
 e - a crystal ball of energy
   (You found it on level 1 of the Lair of Beasts)
 J - a phial of floods
   (You found it on level 11 of the Dungeon)
 L - a sack of spiders
 U - a box of beasts
Comestibles
 f - 18 rations


   Skills:
 + Level 12.5 Fighting
 * Level 15.7 Axes
 - Level 1.7 Throwing
 + Level 5.2 Armour
 + Level 10.1 Dodging
 + Level 5.7 Stealth
 - Level 4.0 Shields
 + Level 3.8 Charms
 + Level 3.8 Ice Magic
 - Level 9.0 Invocations
 - Level 3.0 Evocations


You had 11 spell levels left.
You knew the following spells:

 Your Spells              Type           Power        Failure   Level  Hunger
a - Ozocubu's Armour      Chrm/Ice       ##......     16%         3    ####...


Dungeon Overview and Level Annotations

Branches:
Dungeon (15/15)            Temple (1/1) D:6            Lair (6/6) D:10
 Shoals (0/4) Lair:2        Snake (0/4) Lair:2        Slime (0/5) Lair:5
    Orc (2/2) D:11            Elf (0/3) Orc:2        Vaults (0/5) D:13
 Depths (0/5) D:15

Altars:
Ashenzari
Cheibriados
Dithmenos
Elyvilon
Fedhas
Gozag
Hepliaklqana
Kikubaaqudgha
Makhleb
Nemelex Xobeh
Okawaru
Qazlal
Ru
Trog
Uskayaw
Vehumet
Wu Jian
Xom
Yredelemnul
The Shining One
Beogh
Jiyva

Portals:
Hell: Lair:6

Annotations:
D:14 exclusion: obsidian statue


Innate Abilities, Weirdness & Mutations

You have very sharp fingernails.
You are mostly covered in slimy green scales. (AC +3)
Your flesh is cold resistant. (rC+)
A meltable icy envelope protects you from harm. (AC +10)
You are immune to freezing clouds.


Message History

No target in view!
Things that are here:
a flail; an orc corpse
There is a roughly hewn altar of Beogh here.
Things that are here:
a battleaxe; a plate armour; an orc corpse You see here a glowing ring mail.
There is an open door here.
A warg comes into view.
A warg is nearby!
Found a glowing dagger.
Found a bloodstained altar of Trog.
The warg howls!
You hear a shout! x2
An orc comes into view. It is wielding a dagger.
An orc warrior comes into view. It is wielding a battleaxe.
The orc shouts!
You hit the warg. Lightning courses through the warg!
You hear a shout!
The warg closely misses you.
An orc comes into view.
You closely miss the warg. The warg bites you but does no damage.
You slice the warg!!
You kill the warg!
Okawaru accepts your kill.
An orc priest comes into view. It is wielding a war axe.
You barely miss the orc warrior.
The orc warrior hits you with a battleaxe!
You take 13 damage, and have 109/122 hp.
You hit the orc warrior.
Lightning courses through the orc warrior!
You slice the orc warrior!!
You kill the orc warrior!
Okawaru accepts your kill.
You slash the orc! Lightning courses through the orc!
You kill the orc!
You slice the orc!! Lightning courses through the orc!
You kill the orc!
Found a staircase to the Elven Halls.
You barely miss the orc priest.
The orc priest hits you but does no damage.
You slice the orc priest!!
You kill the orc priest!
Okawaru accepts your kill.
No target in view!
No target in view!
Things that are here:
a battleaxe; a chain mail
Things that are here:
a war axe; a ring mail
There is a bloodstained altar of Trog here.
Things that are here:
a glowing dagger; an animal skin You regained 2 hp, and now have 116/122 hp.
No target in view!
A stone giant comes into view.
Health restored: 122 The stone giant shouts!
The stone giant throws a large rock.
You block the large rock.
You see here a large rock {!d}.
The stone giant throws a large rock.
The large rock hits you!
You see here a large rock {!d}.
You take 8 damage, and have 114/122 hp.
The stone giant throws a large rock.
The large rock hits you but does no damage.
You see here a large rock {!d}.
The stone giant hits you!!
You take 29 damage, and have 85/122 hp.
MASSIVE DAMAGE!!
You hit the stone giant but do no damage.
The stone giant hits you but does no damage.
You slash the stone giant! You slash the stone giant!
The stone giant misses you.
You slash the stone giant!
Lightning courses through the stone giant!
The stone giant hits you!!
You take 28 damage, and have 59/122 hp.
MASSIVE DAMAGE!!
You are too injured to fight recklessly!
You are too injured to fight recklessly!
You are too injured to fight recklessly!
You are too injured to fight recklessly!
You barely miss the stone giant. The stone giant hits you.
You take 3 damage, and have 56/122 hp.
You hit the stone giant but do no damage.
The stone giant hits you!!
You take 18 damage, and have 38/122 hp.
You hit the stone giant but do no damage.
You hit the stone giant but do no damage.
The stone giant misses you.
You slash the stone giant!
Lightning courses through the stone giant!
The stone giant hits you!
* * * LOW HITPOINT WARNING * * *
You take 14 damage, and have 25/122 hp.
You completely miss the stone giant. The stone giant hits you!
* * * LOW HITPOINT WARNING * * *
You take 8 damage, and have 17/122 hp.
Okay, then.
You hit the stone giant but do no damage.
The stone giant hits you!!
You die...

##..## #.#
#........ #...#
#.# #..#.##..
##.## #..
....######.
#.## ### ###
##### #.
#..###.## ##
#.......### #
#.........####
#....##....#.##
#..####.(((@..#
#.## #......C.#
#.. ##......##
#. #...#.### ..
......##
.##+##. # #.#
#.#


You could see a stone giant.

Vanquished Creatures
  Josephine (D:15)
  An ogre mage (D:13)
  4 hydras
  Erolcha (D:12)
  Harold (Orc:1)
  A catoblepas (Lair:6)
  2 death knights
  A centaur warrior (D:15)
  A tengu warrior (D:13)
  9 two-headed ogres
  An orc high priest (Orc:1)
  Nergalle (D:10)
  3 skeletal warriors (D:15)
  A sixfirhy (Lair:6)
  An unseen horror (D:15)
  2 wizards
  An orange crystal statue (D:14)
  A necromancer (D:15)
  2 phantasmal warriors (D:14)
  4 deep elf magi
  An orc knight (Orc:1)
  A wolf spider zombie (D:15)
  An orc sorcerer (Orc:1)
  3 manticores
  3 ugly things
  2 cyclopes
  Maurice (Orc:2)
  3 black mambas
  2 orange demons (Lair:6)
  11 elephants
  A naga mage (D:15)
  2 gargoyles
  9 spiny frogs
  A kobold demonologist (D:14)
  6 rime drakes
  8 komodo dragons
  A redback zombie (D:14)
  2 ice devils (Lair:6)
  A red devil (Lair:6)
  6 meliai (D:15)
  A hellwing (Lair:6)
  4 trolls
  A hornet (D:10)
  Prince Ribbit (Lair:2)
  3 slime creatures (D:12)
  5 dream sheep (Lair:6)
  10 blink frogs
  12 hippogriffs
  9 wraiths
  3 shadows
  49 yaks
  A vampire (D:14)
  3 wyverns
  2 basilisks
  2 hungry ghosts
  A steam dragon (Lair:4)
  8 vampire mosquitoes
  2 wargs
  4 nagas
  2 acid dragons (D:15)
  25 water moccasins
  4 hell hounds (Lair:6)
  5 porcupines
  6 sky beasts
  2 black bears
  16 orc warriors
  2 swamp drakes
  A hornet zombie (D:15)
  4 ice beasts
  Purgy (Sewer)
  8 ogres
  An eye of draining (D:7)
  4 phantoms
  13 centaurs
  15 wolves
  23 crocodiles
  6 elf zombies (Ossuary)
  A big kobold (D:13)
  15 bullfrogs
  5 scorpions
  9 killer bees
  A howler monkey (D:5)
  2 lava snakes (Lair:3)
  12 crimson imps
  7 jellies
  A bullfrog zombie (D:7)
  7 centaur zombies
  3 human zombies (Ossuary)
  7 centaur skeletons
  5 hounds
  16 orc priests
  3 bullfrog skeletons
  3 iguanas
  19 orc wizards
  11 hell rats
  8 worker ants
  A hound skeleton (D:8)
  3 mummies (Ossuary)
  2 worker ant zombies
  8 gnolls
  9 adders
  9 shadow imps
  2 oozes
  An adder skeleton (D:6)
  4 worms
  3 dart slugs
  5 leopard geckos
  86 orcs
  7 giant cockroaches
  8 goblins
  7 hobgoblins
  7 jackals
  7 quokkas
  4 ball pythons (D:1)
  10 bats
  3 frilled lizards
  23 kobolds
  A quokka skeleton (D:8)
  7 rats
  A rat zombie (D:8)
  A butterfly (D:6)
  4 fungi
  3 plants (Lair:5)
724 creatures vanquished.

Vanquished Creatures (others)
  7 fungi
  3 plants
10 creatures vanquished.

Grand Total: 734 creatures vanquished

Notes
Turn   | Place    | Note
-------+----------+-------------------------------------------
     0 | D:1      | shakethe the Demonspawn Gladiator began the quest for the Orb.
     0 | D:1      | Reached XP level 1. HP: 16/16 MP: 1/1
    62 | D:1      | Reached skill level 3 in Axes
    80 | D:1      | Gained mutation: You are partially covered in slimy green scales. (AC +2) [demonic ancestry]
    80 | D:1      | Reached XP level 2. HP: 18/22 MP: 2/2
   696 | D:2      | Reached XP level 3. HP: 25/28 MP: 3/3
   826 | D:2      | HP: 7/28 [worm (7)]
  1091 | D:2      | Found a sacrificial altar of Ru.
  1104 | D:2      | Reached skill level 3 in Fighting
  1104 | D:2      | Reached skill level 4 in Axes
  1104 | D:2      | Gained mutation: Your flesh is cold resistant. (rC+) [demonic ancestry]
  1104 | D:2      | Reached XP level 4. HP: 19/35 MP: 4/4
  1198 | D:2      | Reached XP level 5. HP: 18/41 MP: 5/5
  1766 | D:2      | HP: 10/41 [poisoned by a kobold]
  1774 | D:2      | HP: 9/41 [poisoned by a kobold]
  1782 | D:2      | HP: 8/41 [poisoned by a kobold]
  2428 | D:3      | Found a basalt altar of Yredelemnul.
  2430 | D:3      | Found a radiant altar of Vehumet.
  2430 | D:3      | Found a shimmering altar of Xom.
  2435 | D:3      | Found a shimmering altar of Xom.
  2435 | D:3      | Found a burning altar of Makhleb.
  2435 | D:3      | Found a hazy altar of Hepliaklqana.
  2893 | D:4      | Found a hazy altar of Hepliaklqana.
  3141 | D:4      | HP: 10/41 [iguana (7)]
  3146 | D:4      | HP: 10/41 [iguana (1)]
  3150 | D:4      | Reached skill level 5 in Axes
  3607 | D:4      | Found a bloodstained altar of Trog.
  3767 | D:4      | Found a hide-covered altar of Uskayaw.
  3767 | D:4      | Found a shadowy altar of Dithmenos.
  4027 | D:5      | Entered Level 5 of the Dungeon
  4059 | D:5      | Reached skill level 1 in Evocations
  4097 | D:5      | Reached XP level 6. HP: 36/48 MP: 6/6
  4126 | D:5      | Found a glowing drain.
  4128 | D:5      | Found a blossoming altar of Fedhas.
  4139 | D:5      | Reached skill level 4 in Fighting
  4174 | Sewer    | Entered a sewer
  4406 | Sewer    | Noticed Purgy
  4417 | Sewer    | Killed Purgy
  4417 | Sewer    | Reached skill level 2 in Evocations
  4489 | D:5      | HP: 7/48 [gnoll/halberd (11)]
  4501 | D:5      | HP: 7/48 [adder (2)]
  4502 | D:6      | Found a shimmering altar of Xom.
  4506 | D:6      | HP: 11/48 [phantom (3)]
  4514 | D:6      | HP: 15/72 [phantom (2)]
  4548 | D:6      | HP: 8/48 [phantom (9)]
  4574 | D:6      | HP: 10/48 [phantom (2)]
  4578 | D:6      | Gained mutation: You are immune to freezing clouds. [demonic ancestry]
  4578 | D:6      | Reached XP level 7. HP: 9/55 MP: 8/8
  4592 | D:6      | Reached skill level 6 in Axes
  4970 | D:5      | HP: 13/55 [crimson imp (2)]
  5453 | D:5      | HP: 2/55 [gnoll/halberd (14)]
  6020 | D:5      | Found a snail-covered altar of Cheibriados.
  6114 | D:5      | Reached skill level 3 in Evocations
  6364 | D:6      | Reached skill level 5 in Fighting
  6505 | D:6      | Found a staircase to the Ecumenical Temple.
  6516 | Temple   | Entered the Ecumenical Temple
  6584 | Temple   | Became a worshipper of Warmaster Okawaru
  6811 | D:6      | Reached skill level 7 in Axes
  6811 | D:6      | Reached XP level 8. HP: 47/62 MP: 10/10
  7390 | D:7      | Noticed a hippogriff
  7416 | D:6      | Killed a hippogriff
  7666 | D:7      | Reached * piety under Okawaru
  7666 | D:7      | Reached skill level 6 in Fighting
  7676 | D:7      | Reached skill level 8 in Axes
  7722 | D:7      | Reached skill level 1 in Invocations
  8130 | D:7      | Reached skill level 2 in Invocations
  8656 | D:7      | HP: 16/65 [poisoned by a killer bee]
  8662 | D:7      | HP: 14/65 [poisoned by a killer bee]
  8667 | D:7      | HP: 13/65 [poisoned by a killer bee]
  8675 | D:7      | HP: 13/65 [poisoned by a killer bee]
  9051 | D:6      | Reached skill level 3 in Invocations
  9051 | D:6      | Gained mutation: You have sharp fingernails. [demonic ancestry]
  9051 | D:6      | Reached XP level 9. HP: 56/71 MP: 5/11
  9278 | D:7      | Found an opulent altar of Gozag.
  9281 | D:7      | Found a sparkling altar of Nemelex Xobeh.
  9284 | D:7      | Found a snail-covered altar of Cheibriados.
  9581 | D:7      | Reached skill level 9 in Axes
  9870 | D:8      | Found a sand-covered staircase.
  9883 | Ossuary  | Entered an ossuary
  9930 | Ossuary  | Reached ** piety under Okawaru
  9930 | Ossuary  | Reached skill level 4 in Invocations
 10025 | Ossuary  | Reached skill level 7 in Fighting
 10410 | Ossuary  | HP: 18/72 [elf zombie (4)]
 10423 | Ossuary  | HP: 18/72 [elf zombie (2)]
 10428 | Ossuary  | HP: 10/72 [elf zombie (1)]
 10755 | D:8      | Reached skill level 5 in Invocations
 10980 | D:7      | Reached skill level 3 in Dodging
 11198 | D:8      | Noticed a two-headed ogre
 11707 | D:7      | HP: 3/72 [two-headed ogre/giant club (28)]
 11724 | D:7      | Killed a two-headed ogre
 11724 | D:7      | Reached *** piety under Okawaru
 11724 | D:7      | Reached skill level 10 in Axes
 11724 | D:7      | Reached skill level 6 in Invocations
 11724 | D:7      | Gained mutation: You have very sharp fingernails. [demonic ancestry]
 11724 | D:7      | Reached XP level 10. HP: 8/80 MP: 14/14
 12234 | D:8      | HP: 30/120 [poisoned by a water moccasin]
 12239 | D:8      | HP: 28/120 [poisoned by a water moccasin]
 12244 | D:8      | HP: 13/120 [poisoned by a water moccasin]
 12246 | D:8      | HP: 6/80 [orc/trident (2)]
 12252 | D:8      | HP: 5/80 [poisoned by a water moccasin]
 12260 | D:8      | HP: 5/80 [poisoned by a water moccasin]
 12868 | D:7      | HP: 19/80 [orc warrior/flail (8)]
 12874 | D:7      | HP: 3/80 [orc warrior/flail (9)]
 13575 | D:8      | Reached skill level 8 in Fighting
 13602 | D:8      | Reached skill level 4 in Dodging
 13827 | D:8      | HP: 15/80 [orc warrior/dire flail (15)]
 14253 | D:8      | Reached **** piety under Okawaru
 14253 | D:8      | Reached skill level 7 in Invocations
 14903 | D:9      | Noticed a cyan ugly thing
 15179 | D:9      | Reached skill level 11 in Axes
 15331 | D:9      | Reached skill level 5 in Dodging
 15397 | D:9      | Reached ***** piety under Okawaru
 15588 | D:9      | Reached skill level 8 in Invocations
 15588 | D:9      | Reached XP level 11. HP: 87/87 MP: 13/17
 15733 | D:9      | HP: 18/87 [cyan ugly thing (16)]
 15736 | D:9      | Killed a cyan ugly thing
 16436 | D:9      | Found a glowing golden altar of the Shining One.
 16598 | D:10     | Entered Level 10 of the Dungeon
 16637 | D:10     | Noticed Nergalle
 16665 | D:10     | Killed Nergalle
 16665 | D:10     | Reached skill level 9 in Fighting
 17237 | D:10     | Paralysed by a hornet for 1 turns
 17952 | D:10     | Received a gift from Okawaru
 17970 | D:10     | Got a pair of spiked boots {god gift}
 17981 | D:10     | Identified the +0 pair of boots of Weirdness {rElec rPois rF+ Stlth+} (Okawaru gifted it to you on level 10 of the Dungeon)
 18590 | D:10     | Found a staircase to the Lair.
 19073 | D:11     | Reached skill level 9 in Invocations
 19185 | D:11     | Reached skill level 6 in Dodging
 19514 | D:10     | Reached skill level 12 in Axes
 19650 | D:11     | HP: 15/89 [yak (12)]
 20001 | D:11     | Noticed a green ugly thing
 20034 | D:11     | Killed a green ugly thing
 20372 | D:11     | Found a staircase to the Orcish Mines.
 21152 | D:12     | Noticed a cyan ugly thing
 21399 | D:10     | Killed a cyan ugly thing
 22028 | D:12     | HP: 16/90 [yak (10)]
 22038 | D:12     | HP: 6/90 [orc priest/divine providence (15)]
 22928 | Lair:1   | Entered Level 1 of the Lair of Beasts
 23187 | Lair:1   | Gained mutation: A meltable icy envelope protects you from harm. (AC +10) [demonic ancestry]
 23187 | Lair:1   | Reached XP level 12. HP: 57/97 MP: 18/18
 23341 | Lair:1   | Reached skill level 10 in Fighting
 23587 | Lair:1   | Reached skill level 7 in Dodging
 23961 | Lair:2   | Found a staircase to the Snake Pit.
 24010 | Lair:2   | Reached skill level 13 in Axes
 24474 | Lair:2   | Noticed Prince Ribbit
 24543 | Lair:2   | Killed Prince Ribbit
 24545 | Lair:2   | HP: 22/98 [manticore (6)]
 24840 | Lair:2   | Found a staircase to the Shoals.
 24959 | Lair:2   | Received a gift from Okawaru
 24962 | Lair:2   | Got a smoking hat {god gift}
 24973 | Lair:2   | Identified the +0 hat of Noh Osih {rF+ Str+4 Int+6 Slay-3} (Okawaru gifted it to you on level 2 of the Lair of Beasts)
 25366 | Lair:2   | Reached skill level 8 in Dodging
 25688 | Lair:2   | Found the +8 whip "Snakebite" {curare, rPois}
 25824 | Lair:2   | HP: 6/99 [spiny frog (20)]
 26262 | Lair:2   | Reached skill level 11 in Fighting
 27528 | Lair:4   | Reached skill level 14 in Axes
 27541 | Lair:4   | Found a labyrinth entrance.
 27691 | Lair:4   | Gained mutation: You are mostly covered in slimy green scales. (AC +3) [demonic ancestry]
 27691 | Lair:4   | Reached XP level 13. HP: 89/106 MP: 19/19
 28706 | Lair:5   | Reached skill level 1 in Stealth
 28889 | Lair:5   | Reached skill level 1 in Armour
 28889 | Lair:5   | Reached skill level 1 in Shields
 29033 | Lair:5   | Received a gift from Okawaru
 29090 | Lair:5   | Found a staircase to the Slime Pits.
 29091 | Lair:5   | Found a viscous altar of Jiyva.
 29284 | Lair:6   | Entered Level 6 of the Lair of Beasts
 29425 | Lair:6   | Reached skill level 2 in Stealth
 29773 | Lair:6   | Reached skill level 2 in Armour
 29773 | Lair:6   | Reached skill level 2 in Shields
 30207 | Lair:6   | Reached skill level 9 in Dodging
 30638 | Lair:6   | Reached skill level 3 in Stealth
 31071 | Lair:6   | Reached skill level 3 in Armour
 31189 | Lair:6   | Reached skill level 3 in Shields
 31191 | Lair:6   | Found a burning altar of Makhleb.
 31245 | Lair:6   | HP: 24/107 [red devil/trident (6)]
 31248 | Lair:6   | HP: 9/107 [orange demon (5)]
 31256 | Lair:6   | HP: 14/107 [red devil/trident (8)]
 31266 | Lair:6   | Received a gift from Okawaru
 31610 | Lair:6   | Found a gateway to Hell.
 32090 | D:12     | Reached XP level 14. HP: 103/114 MP: 20/20
 32122 | D:12     | Learned a level 3 spell: Ozocubu's Armour
 32136 | D:12     | Found a basalt altar of Yredelemnul.
 32605 | D:12     | Noticed Erolcha
 32642 | D:12     | Killed Erolcha
 32731 | D:13     | Reached skill level 15 in Axes
 32736 | D:13     | Reached skill level 4 in Stealth
 32967 | D:13     | Reached skill level 1 in Ice Magic
 32970 | D:13     | Reached skill level 1 in Charms
 33046 | D:13     | Reached skill level 12 in Fighting
 33297 | D:13     | Found a gate to the Vaults.
 33637 | D:14     | Reached skill level 4 in Armour
 33928 | D:14     | Reached skill level 4 in Shields
 34095 | D:14     | Reached skill level 2 in Charms
 34095 | D:14     | Reached skill level 2 in Ice Magic
 34415 | D:14     | Reached ****** piety under Okawaru
 34419 | D:14     | Received a gift from Okawaru
 35067 | D:15     | Entered Level 15 of the Dungeon
 35217 | D:15     | Reached skill level 5 in Stealth
 35337 | D:15     | Noticed Josephine
 35342 | D:15     | Killed Josephine
 35449 | D:15     | Received a gift from Okawaru
 35453 | D:15     | Reached skill level 3 in Ice Magic
 35469 | D:15     | HP: 23/115 [meliai/divine providence (12)]
 35661 | D:15     | Reached skill level 3 in Charms
 35690 | D:15     | Got a crude plate armour {god gift}
 35710 | D:15     | HP: 26/116 [meliai/hand axe (8)]
 36094 | D:15     | Reached skill level 10 in Dodging
 36096 | D:15     | Reached skill level 5 in Armour
 36118 | D:15     | Identified the +2 plate armour "Secvam" {rElec rF- rN++ rCorr} (Okawaru gifted it to you on level 15 of the Dungeon)
 36178 | D:15     | Reached XP level 15. HP: 56/122 MP: 18/21
 36191 | D:15     | Found a staircase to the Depths.
 36810 | Orc:1    | Entered Level 1 of the Orcish Mines
 36870 | Orc:1    | Found a roughly hewn altar of Beogh.
 36910 | Orc:1    | Noticed Harold
 36939 | Orc:1    | Killed Harold
 37344 | Orc:2    | Entered Level 2 of the Orcish Mines
 37391 | Orc:2    | Noticed Maurice
 37402 | Orc:2    | Killed Maurice
 37530 | Orc:2    | Found a roughly hewn altar of Beogh.
 37555 | Orc:2    | Found a bloodstained altar of Trog.
 37566 | Orc:2    | Found a staircase to the Elven Halls.
 37607 | Orc:2    | HP: 25/122 [stone giant (14)]
 37609 | Orc:2    | Slain by a stone giant

Skill      XL: |  1  2  3  4  5  6  7  8  9 10 11 12 13 14 |
---------------+-------------------------------------------+-----
Axes           | 3 4 5 7 8 10 11 12 14 15 | 15.7
Fighting       | 3 4 5 6 7 8 9 11 12 | 12.5
Evocations     | 1 2 3 |  3.0
Invocations    | 3 6 8 9 |  9.0
Dodging        | 3 5 6 8 9 10 | 10.1
Stealth        | 3 5 |  5.7
Armour         | 3 5 |  5.2
Shields        | 3 4 |  4.0
Ice Magic      | 3 |  3.8
Charms         | 3 |  3.8
Throwing       | |  1.7

Action                   |  1- 3 |  4- 6 |  7- 9 | 10-12 | 13-15 || total
-------------------------+-------+-------+-------+-------+-------++-------
Melee: War axe           |   113 |   208 |   559 |     1 |       ||   881
       Punch             |       |       |     1 |    16 |     2 ||    19
       Hand axe          |       |       |       |  2164 |   119 ||  2283
       Broad axe         |       |       |       |       |   978 ||   978
       Whip              |       |       |       |       |    56 ||    56
Throw: Stone             |       |       |     1 |    10 |     8 ||    19
       Throwing net      |       |       |       |     2 |       ||     2
 Cast: Ozocubu's Armour  |       |       |       |       |     4 ||     4
Invok: Heroism           |       |       |     5 |    33 |     9 ||    47
       Finesse           |       |       |       |     1 |     1 ||     2
Evoke: Wand              |       |     5 |    10 |     5 |       ||    20
  Use: Potion            |       |     7 |     1 |     6 |     1 ||    15
       Scroll            |       |     5 |    10 |    12 |    15 ||    42
 Stab: Paralysed         |       |    12 |     9 |       |       ||    21
       Sleeping          |       |       |       |     3 |    19 ||    22
       Distracted        |       |       |       |     2 |       ||     2
  Eat: Chunk             |     1 |     7 |    10 |    20 |    15 ||    53
       Ration            |       |     1 |     4 |    12 |     7 ||    24
Armor: Leather armour    |    45 |   112 |   184 |   440 |    44 ||   825
       Skin              |       |       |       |    19 |       ||    19
       Steam dragon scal |       |       |       |       |   350 ||   350
Dodge: Dodged            |   102 |   183 |   322 |  1253 |   910 ||  2770
Block: Buckler           |       |       |       |       |   216 ||   216

Vault maps used:
D:1:      lemuel_arrival_river_ford, hangedman_abyss_or_decor_stabs,
          amethyst_killhole
D:2:      nicolae_ru_great_annihilating_truth, minmay_pentomino_s4
D:3:      tgw_sif, zin_statuary, kennysheep_minor_cross, doesnt_xom_only_xom
D:4:      gammafunk_temple_overflow_pools, nicolae_overflow_hidden_temple,
          lemuel_doored_altar, kennysheep_generic_room_2
D:5:      overflow_temple_1_default, portal_sewer_entry_a, first_ration,
          kennysheep_slug_shrine
D:6:      minmay_temple_entry_butterflies, basic_altar
D:7:      grunt_temple_overflow_diamond, enter_bailey_3
D:8:      enter_ossuary_3, special_room, grunt_ogre_cave
D:9:      nicolae_tso_swordbearing_angel, st_stairs_10
D:10:     erik_lair_dragon, serial_glass, glass_columns_a, glass_columns_b,
          minmay_statues_item, uniq_nergalle
D:11:     erik_orc_1
D:12:     basic_altar, uniq_erolcha
D:13:     david_vaults_2
D:14:     bh_walls_and_bars, minmay_more_statues
D:15:     grunt_enter_depths_magical_seal, uniq_josephine
Temple:   eino_temple_lava
Lair:2:   minmay_guarded_unrand_snakebite, minmay_shoals_entry_beasts,
          guppyfry_snake_entry_garden, grunt_megastairs_4, serial_bayou_shore_b,
          uniq_prince_ribbit2
Lair:3:   disabler_island
Lair:4:   lab_entry_generic, st_stairs_10
Lair:5:   slime_altar_1
Lair:6:   evil_forest, serial_bayou_pond_e
Orc:1:    basic_altar, uniq_harold
Orc:2:    grunt_orc_community_town_hall, grunt_orc_community_big_house_2,
          grunt_orc_community_big_house_2, grunt_orc_community_house_1,
          grunt_orc_community_house_3, grunt_orc_community_house_2,
          grunt_orc_community_house_1, grunt_orc_community_house_3,
          grunt_orc_community_house_2, serial_shops, nicolae_shop_behind_doors,
          statue_in_the_mist_lemuel, bloody_trog, uniq_maurice
Sewer:    sewer_big_baddie
Ossuary:  ossuary_minmay_four_chambers

Table legend:
 A = Turns spent in this place as a percentage of turns spent in the entire game.
 B = Non-inter-level travel turns spent in this place as a percentage of non-inter-level travel turns spent in the entire game.
 C = Inter-level travel turns spent in this place as a percentage of turns spent in this place.
 D = Turns resting spent in this place as a percentage of non-inter-level travel turns spent in this place.
 E = Turns spent auto-exploring this place as a percentage of non-inter-level travel turns spent in this place.
 F = Non-inter-level travel turns spent in this place divided by the number of levels of this place that you've seen.
                   A       B       C       D       E      F
               +-------+-------+-------+-------+-------+----------------------
         Total | 100.0 | 100.0 |   3.1 |  39.3 |  30.5 | 1401.8
       Dungeon |  70.9 |  70.6 |   3.5 |  41.4 |  29.5 | 1715.7
        Temple |   0.2 |   0.2 |   0.0 |   0.0 |  80.8 |  78.0
          Lair |  23.8 |  23.9 |   2.6 |  33.6 |  34.4 | 1451.3
  Orcish Mines |   2.1 |   2.2 |   0.0 |  11.9 |  52.1 | 399.5
         Sewer |   0.8 |   0.8 |   0.0 |  46.0 |  11.7 | 291.0
       Ossuary |   2.2 |   2.3 |   0.0 |  63.5 |   0.0 | 836.0
               +-------+-------+-------+-------+-------+----------------------

Table legend:
 A = Kills in this place as a percentage of kills in entire the game.
 B = Kills by you in this place as a percentage of kills by you in the entire game.
 C = Kills by friends in this place as a percentage of kills by friends in the entire game.
 D = Other kills in this place as a percentage of other kills in the entire game.
 E = Experience gained in this place as a percentage of experience gained in the entire game.
 F = Experience gained in this place divided by the number of levels of this place that you have seen.
                   A       B       C       D       E      F
               +-------+-------+-------+-------+-------+----------------------
         Total | 100.0 | 100.0 |   N/A |   N/A | 100.0 | 4360.8
       Dungeon |  64.8 |  64.8 |   N/A |   N/A |  54.9 | 4151.5
          Lair |  26.4 |  26.4 |   N/A |   N/A |  37.6 | 7101.7
  Orcish Mines |   5.9 |   5.9 |   N/A |   N/A |   6.6 | 3729.0
         Sewer |   0.8 |   0.8 |   N/A |   N/A |   0.1 | 135.0
       Ossuary |   2.1 |   2.1 |   N/A |   N/A |   0.8 | 907.0
               +-------+-------+-------+-------+-------+----------------------
